AoeStats
← flynorc

Golden Pit

507798629Analyzed
1v1 RM · 12d ago on Sep 19, 2026· 35m 38s· 2 players
Game mode
Random Map
Map size
Tiny (2 player)
Population
200
Speed
Normal
Resources
Standard
Victory
Conquest
Starting age
Dark Age
Ending age
Imperial Age
RankedLock teamsTeams togetherTeam positionsShared explorationLock speedFull tech treeHidden civsTurbo modeCheats
Victory
Defeat
🇨🇦 Chinese · Canada
1554
+17
🇦🇹 Tatars · Austria
1585
-17
hogrider249
0:31 Loom
9:21 Feudal Age
10:19 Double-Bit Axe
15:58 Fletching
20:54 Castle Age
19:26 Gold Mining
20:52 Horse Collar
21:28 Bloodlines
21:40 Bodkin Arrow
21:21 Crossbowman
24:27 Ballistics
26:17 Bow Saw
26:39 Padded Archer Armor
26:41 Husbandry
29:50 Wheelbarrow
29:39 Leather Archer Armor
30:20 Scale Barding Armor
31:51 Hand Cart
31:51 Hand Cart
33:39 Forging
flynorc
8:43 Loom
11:02 Feudal Age
15:51 Castle Age
14:28 Scale Barding Armor
14:37 Bloodlines
22:58 Fletching
25:51 Double-Bit Axe
25:51 Horse Collar
32:26 Scale Barding Armor
33:52 Bodkin Arrow
Connection lost

Rejoining the realm…

Still unreachable

The connection could not be restored.

Session expired

The server has moved on; the page needs a fresh start.